 Dungeon Sprint DCSS version 0.30-a0-857-gcaf70739d4 (webtiles) character file.

Game seed: 7764741642846873501

598 dialectric the Carver (level 7, -4/49 HPs)
             Began as a Gargoyle Fighter on Mar 5, 2023.
             Was an Initiate of Trog.
             Slain by a merfolk siren
             ... wielding a +2 trident of protection
              (15 damage)
             ... in the Dungeon (Sprint II: "The Violet Keep of Menkaure").
             The game lasted 00:01:32 (150 turns).

dialectric the Carver (Gargoyle Fighter)             Turns: 150, Time: 00:01:32

Health: -4/49      AC: 13    Str: 20    XL:     7   Next: 40%
Magic:  7/7        EV: 10    Int:  8    God:    Trog [......]
Gold:   486        SH:  0    Dex: 11    Spells: 6/6 levels left

rFire   . . .      SeeInvis .    a - +0 long sword
rCold   . . .      Faith    .    (no shield)
rNeg    + . .      Spirit   .    b - +0 scale mail
rPois   ∞          Reflect  .    (no helmet)
rElec   +          Rampage  .    (no cloak)
rCorr   .          NoTele   +    (no gloves)
Will    .....                    (no boots) Stlth
                                 (no amulet)
HPRegen 0.28/turn                (no ring)
MPRegen 0.10/turn                (no ring)

@: mesmerised
A: sickness immunity, AC +4, negative energy resistance 1, electricity
resistance, torment resistance 1, petrification resistance
a: Renounce Religion


You were in the Dungeon.
You worshipped Trog.
Trog was noncommittal.
You visited 1 branch You collected 486 gold pieces.

Inventory:

Hand Weapons
 a - a +0 long sword (weapon)
Armour
 b - a +0 scale mail (worn)
 c - a +0 buckler
Scrolls
 j - a scroll of blinking
Potions
 g - a potion of haste
 h - 2 potions of magic
 i - a potion of berserk rage


   Skills:
 + Level 8.2 Fighting
 * Level 10.4 Long Blades
 + Level 9.5 Armour
 + Level 1.8 Dodging
 - Level 3.2 Shields


You had 6 spell levels left.
You didn't know any spells.
Your spell library was empty.

Dungeon Overview and Level Annotations

Branches:
Dungeon (1/1)

Altars:
Cheibriados
Dithmenos
Elyvilon
Fedhas
Gozag
Hepliaklqana
Kikubaaqudgha
Makhleb
Nemelex Xobeh
Okawaru
Qazlal
Ru
Sif Muna
Trog
Uskayaw
Vehumet
Wu Jian
Xom
Yredelemnul
Zin
The Shining One
Jiyva
Lugonu


Innate Abilities, Weirdness & Mutations

You are immune to sickness and miasma.
Your stone body is resilient. (AC +4)
You are immune to poison.
You resist negative energy. (rN+)
You are resistant to electric shocks. (rElec)
You are resistant to unholy torment.
You are immune to petrification.


Message History

A merfolk siren breaks down the door.
The merfolk siren hits you with a +2 trident of protection.
There is a broken door here.
You hit the merfolk siren.
The merfolk siren is lightly wounded.
The merfolk siren hits you but does no damage.
You hit the merfolk siren.
The merfolk siren is moderately wounded.
The merfolk siren hits you with a +2 trident of protection!
You hit the merfolk siren.
The merfolk siren is moderately wounded.
The merfolk siren hits you with a +2 trident of protection!
* * * LOW HITPOINT WARNING * * *
You miss the merfolk siren.
The merfolk siren is moderately wounded.
The merfolk siren chants a haunting song.
You are mesmerised by the merfolk siren!
You hit the merfolk siren but do no damage.
The merfolk siren is moderately wounded.
The merfolk siren hits you with a +2 trident of protection.
* * * LOW HITPOINT WARNING * * *
You barely miss the merfolk siren.
The merfolk siren is moderately wounded.
The merfolk siren chants its luring song.
You are too mesmerised to rage.
You slash the merfolk siren!
The merfolk siren is heavily wounded.
The merfolk siren chants its luring song.
You hit the merfolk siren.
The merfolk siren is heavily wounded.
You miss the merfolk siren.
The merfolk siren is heavily wounded.
The merfolk siren chants its luring song.
You barely miss the merfolk siren.
The merfolk siren is heavily wounded.
The merfolk siren chants its luring song.
You barely miss the merfolk siren.
The merfolk siren is heavily wounded.
The merfolk siren hits you with a +2 trident of protection!
You die...

..#~~~~.##'##..#
..#~~~~###.###.####
.###
..#~~~~#..#..#....#
...#
⌠.#~~####.#.####..##
#..#
..#~##.###†###.##..#
+..#
..#~#...##.##...#..#
#..# ..+
+$##†.<.†##.'..###
..## #
#.##.##...#....###...
#.#
#@###.##.§§...~~~~ ##
#.m.####~~.....~#'#
#..#..#§~~~~§~..~#..
##. .##~~~~~~§~.~#_.
## ##~~~≈§§§~~~~#._
~~~~~§§§≈≈~~†#_.
+++#~≈≈≈§§§≈~#._
##§≈≈###§≈#_. #§≈#._


You could see a merfolk siren (mesmerising).

Vanquished Creatures
  A water moccasin (D)
  4 scorpions (D)
  4 necrophages (D)
  3 worms (D)
12 creatures vanquished.

Vanquished Creatures (others)
  Menkaure (D)
  A water moccasin (D)
2 creatures vanquished.

Grand Total: 14 creatures vanquished

Notes
Turn   | Place    | Note
-------+----------+-------------------------------------------
     0 | D        | dialectric the Gargoyle Fighter began the quest for the
                  | Orb.
     0 | D        | Reached XP level 1. HP: 14/14 MP: 1/1
    18 | D        | Reached skill level 2 in Long Blades
    21 | D        | Reached skill level 1 in Dodging
    21 | D        | Reached XP level 2. HP: 8/20 MP: 2/2
    30 | D        | Noticed a necrophage
    30 | D        | Noticed a necrophage
    30 | D        | Noticed a necrophage
    30 | D        | Noticed a necrophage
    35 | D        | Killed a necrophage
    36 | D        | Reached skill level 5 in Fighting
    36 | D        | Reached skill level 4 in Long Blades
    36 | D        | Reached skill level 5 in Armour
    36 | D        | Reached XP level 3. HP: 19/26 MP: 3/3
    36 | D        | Reached XP level 4. HP: 23/31 MP: 4/4
    38 | D        | Killed a necrophage
    38 | D        | Killed Menkaure
    39 | D        | Reached skill level 5 in Long Blades
    39 | D        | Reached XP level 5. HP: 24/36 MP: 5/5
    45 | D        | Reached skill level 7 in Long Blades
    50 | D        | Reached XP level 6. HP: 23/44 MP: 6/6
    58 | D        | Reached skill level 8 in Long Blades
    60 | D        | Killed a water moccasin
    62 | D        | Reached skill level 9 in Long Blades
    69 | D        | Reached XP level 7. HP: 27/49 MP: 7/7
    89 | D        | Reached skill level 10 in Long Blades
   102 | D        | Found a glowing golden altar of the Shining One.
   102 | D        | Found an ornate altar of the Wu Jian Council.
   104 | D        | Found a shimmering altar of Xom.
   104 | D        | Found a sacrificial altar of Ru.
   105 | D        | Found a basalt altar of Yredelemnul.
   105 | D        | Found a shimmering blue altar of Sif Muna.
   106 | D        | Found a glowing silver altar of Zin.
   106 | D        | Found a bloodstained altar of Trog.
   106 | D        | Found an ancient bone altar of Kikubaaqudgha.
   106 | D        | Found a stormy altar of Qazlal.
   106 | D        | Found a viscous altar of Jiyva.
   107 | D        | Found a hide-covered altar of Uskayaw.
   107 | D        | Found a corrupted altar of Lugonu.
   107 | D        | Found a shadowy altar of Dithmenos.
   108 | D        | Found a radiant altar of Vehumet.
   108 | D        | Found a burning altar of Makhleb.
   108 | D        | Found a white marble altar of Elyvilon.
   109 | D        | Found a sparkling altar of Nemelex Xobeh.
   109 | D        | Found a blossoming altar of Fedhas.
   111 | D        | Found an iron altar of Okawaru.
   111 | D        | Found an opulent altar of Gozag.
   111 | D        | Found a hazy altar of Hepliaklqana.
   111 | D        | Found a snail-covered altar of Cheibriados.
   115 | D        | Became a worshipper of Trog the Wrathful
   136 | D        | Noticed a merfolk siren
   150 | D        | Slain by a merfolk siren

Illustrated notes

Levels and vault maps discovered:
D:        the_violet_keep_of_menkaure [sprint2_stairs_cluster_1,
          sprint2_shoproom, sprint2_temple, sprint2_basic_supplies,
          sprint2_obstacle_2, sprint2_obstacle_7, sprint2_obstacle_5,
          sprint2_obstacle_6, sprint2_obstacle_3, sprint2_timed_cluster_1,
          sprint2_smallroom_cluster_1, sprint2_smallroom_final_cluster_1,
          sprint2_transparent_cluster_1, sprint2_second_timed_cluster_1,
          sprint2_sniper_area_1, sprint2_heavy_combat_area_1,
          sprint2_mutation_trap_area_1, sprint2_forest_area_1,
          sprint2_light_combat_area_1, sprint2_behind_water_1,
          sprint2_near_end_vault_1]

Skill      XL: |  1  2  3  4  5  6  7 |
---------------+----------------------+-----
Long Blades    | 2 4 5 7 9 10 | 10.4
Armour         | 4 5 6 7 9 |  9.5
Dodging        | 1 |  1.8
Fighting       | 5 6 7 8 |  8.2
Shields        | |  3.2

Action                     |  1- 3 |  4- 6 |  7- 9 || total
---------------------------+-------+-------+-------++-------
  Melee: Long sword        |    16 |    31 |    23 ||    70
         Punch             |       |     1 |       ||     1
    Use: Potion            |     2 |       |     1 ||     3
 Armour: Scale mail        |     3 |    12 |     7 ||    22
  Dodge: Dodged            |     2 |     9 |     4 ||    15

Table legend: (Time is in decaauts)
 A = Elapsed time spent in this place.
 B = Non-inter-level travel time spent in this place.
 C = Inter-level travel time spent in this place.
 D = Time resting spent in this place.
 E = Time spent auto-exploring this place.
 F = Levels seen in this place.
 G = Mean time per level.
                   A        B        C        D        E       F      G
               +--------+--------+--------+--------+--------+-----+--------+
         Total |    156 |    156 |      0 |      0 |      0 |   1 |  156.0 |
       Dungeon |    156 |    156 |      0 |      0 |      0 |   1 |  156.0 |
               +--------+--------+--------+--------+--------+-----+--------+

Top non-repeatable levels by time:
       D: 156 daAuts
